 Dungeon Crawl Stone Soup version 0.25.0-9-g26727b657a (webtiles) character file.

Game seed: 14885385559111463876

5763 HoaS the Cleaver (level 10, -1/95 HPs)
             Began as a Minotaur Gladiator on June 21, 2020.
             Was a Believer of Makhleb.
             Killed from afar by a gargoyle (6 damage)
             ... with a stone arrow
             ... on level 7 of the Dungeon.
             The game lasted 00:22:03 (7465 turns).

HoaS the Cleaver (Minotaur Gladiator)               Turns: 7465, Time: 00:22:04

Health: -1/95      AC: 12    Str: 22    XL:     10   Next: 49%
Magic:  0/9        EV:  7    Int:  5    God:    Makhleb [**....]
Gold:   320        SH:  0    Dex: 12    Spells: 9/9 levels left

rFire    . . .     SeeInvis .   s - +1 battleaxe
rCold    . . .     Gourm    .   (shield currently unavailable)
rNeg     . . .     Faith    .   x - +0 plate armour
rPois    .         Spirit   +   c - +0 hat
rElec    .         Reflect  .   A - +0 cloak
rCorr    .         Harm     .   (no gloves)
MR       .....                  b - +0 pair of boots
Stlth    ..........             g - amulet of guardian spirit
HPRegen  0.25/turn              (no ring)
MPRegen  0.11/turn              (no ring)

@: no status effects
A: retaliatory headbutt, horns 2
a: Minor Destruction, Renounce Religion


You were on level 7 of the Dungeon.
You worshipped Makhleb.
Makhleb was pleased with you.
You were not hungry.

You visited 2 branches of the dungeon, and saw 9 of its levels.
You also visited: Ossuary.

You collected 410 gold pieces.
You spent 90 gold pieces at shops.

Inventory:

Hand Weapons
 s - a +1 battleaxe (weapon)
Missiles
 a - 8 boomerangs
 m - 75 poisoned darts
 p - 4 throwing nets (quivered)
Armour
 b - a +0 pair of boots (worn)
 c - a +0 hat (worn)
 x - a +0 plate armour (worn)
 A - a +0 cloak (worn)
Jewellery
 g - an amulet of guardian spirit (around neck)
Wands
 w - a wand of acid (8)
 C - a wand of disintegration (11)
Scrolls
 n - 5 scrolls of remove curse
 q - 9 scrolls of identify
 y - 2 scrolls of magic mapping
 E - a scroll of fear
Potions
 d - a potion of lignification {unknown}
 e - a potion of magic {unknown}
 h - 2 potions of heal wounds {unknown}
 i - 2 potions of resistance {unknown}
 j - 8 potions of curing
 k - 4 potions of flight {unknown}
 l - a potion of haste {unknown}
 o - 3 potions of cancellation {unknown}
 r - a potion of ambrosia {unknown}
 t - 3 potions of berserk rage {unknown}
 u - 2 potions of stabbing {unknown}
 v - 2 potions of mutation {unknown}
 z - 2 potions of brilliance {unknown}
 B - 2 potions of degeneration {unknown}
Comestibles
 f - 26 rations


   Skills:
 + Level 11.0 Fighting
 * Level 14.9 Axes
 - Level 2.0 Throwing
 - Level 3.2 Dodging


You had 9 spell levels left.
You didn't know any spells.
Your spell library contained the following spells:

 Spells                   Type           Power        Failure   Level  Hunger
 Magic Dart               Conj           #...         100%        1    ##.....
 Blink                    Tloc           N/A          100%        2    ###....
 Call Imp                 Summ           #.......     100%        2    ###....
 Slow                     Hex            #.......     100%        2    ###....
 Conjure Flame            Conj/Fire      #.......     100%        3    ####...
 Mephitic Cloud           Conj/Pois/Air  #.......     100%        3    ####...


Dungeon Overview and Level Annotations

Branches:
Dungeon (8/15)             Temple (1/1) D:7            Lair (0/6) D:8
Ossuary (visited)

Altars:
Elyvilon
Fedhas
Hepliaklqana
Kikubaaqudgha
Makhleb
Qazlal
Ru
Sif Muna
Vehumet
Wu Jian
Xom
Yredelemnul
Zin

Shops:
D:7 ?


Innate Abilities, Weirdness & Mutations

You reflexively headbutt those who attack you in melee.
You have a pair of horns on your head.


Message History

You feel better.
You feel better.
The gargoyle hurls a stone arrow at you.
The stone arrow misses you.
Your plate armour prevents you from hitting the gargoyle.
The gargoyle hurls a stone arrow at you.
The stone arrow hits you.
The gargoyle hurls a stone arrow at you.
The stone arrow hits you!!
* * * LOW HITPOINT WARNING * * *
The gargoyle hits you but does no damage.
Your plate armour prevents you from hitting the gargoyle.
You headbutt the gargoyle.
The gargoyle is almost destroyed.
Your plate armour prevents you from hitting the gargoyle.
The gargoyle hits you with a +0 mace!
* * * LOW HITPOINT WARNING * * *
The gargoyle hurls a stone arrow at you.
The stone arrow hits you.
You die...

##.#
#.........<...
#.#
##[...........
#.#
#....####....
#.#
###............
#.#
#...#######....
#.###.### ###..
#.##..# #+.'
#..
#9##.###+....
##.
#.@9.#8#.....
#.
###..........
#. #........8.
#. ##.........
#. #.#8#.....
#. #.###'....
##. #..# #'9'
#.. ##.### ###
###..
#...#######....


You could see 2 gargoyles.

Vanquished Creatures
  Pikel (D:6)
  3 gargoyles
  Grinder (D:3)
  Prince Ribbit (D:6)
  4 yaks (D:7)
  2 orc warriors
  4 slaves (D:6)
  2 sky beasts
  2 necrophages
  8 ogres
  A phantom (D:7)
  2 centaurs
  3 elf zombies (Ossuary)
  A gnoll sergeant (D:6)
  3 bullfrogs
  2 wyvern zombies (D:8)
  A scorpion (D:4)
  4 wights (D:6)
  4 crimson imps
  2 bullfrog zombies
  2 centaur zombies
  An orc priest (D:4)
  3 hounds
  2 jellies (D:8)
  3 worker ants
  Natasha (twice) (D:2)
  2 iguanas
  6 orc wizards
  A killer bee zombie (D:6)
  A big kobold zombie (Ossuary)
  2 mummies (Ossuary)
  A howler monkey skeleton (D:4)
  10 adders
  6 gnolls
  A shadow imp (D:8)
  2 adder zombies
  6 worms
  5 dart slugs (D:1)
  5 leopard geckos
  27 orcs
  7 bats
  8 giant cockroaches
  10 goblins
  5 hobgoblins
  6 jackals
  13 kobolds
  5 quokkas
  4 ball pythons
  3 frilled lizards
  A goblin zombie (Ossuary)
  8 hobgoblin zombies (Ossuary)
  A jackal zombie (Ossuary)
  10 kobold zombies (Ossuary)
  A leopard gecko zombie (D:7)
  8 orc zombies (Ossuary)
  9 rats
  3 rat zombies (Ossuary)
241 creatures vanquished.

Notes
Turn   | Place    | Note
-------+----------+-------------------------------------------
     0 | D:1      | HoaS the Minotaur Gladiator began the quest for the Orb.
     0 | D:1      | Reached XP level 1. HP: 18/18 MP: 0/0
    36 | D:1      | Reached skill level 4 in Axes
    91 | D:1      | Reached XP level 2. HP: 18/25 MP: 1/1
   337 | D:1      | Reached XP level 3. HP: 29/31 MP: 2/2
   592 | D:1      | Reached skill level 5 in Axes
   761 | D:2      | Noticed Natasha
   771 | D:2      | Killed Natasha
   771 | D:2      | Reached XP level 4. HP: 33/39 MP: 3/3
   998 | D:2      | You fall into a shaft and drop 2 floors!
   999 | D:4      | Noticed an ogre
  1001 | D:4      | Reached skill level 6 in Axes
  1003 | D:4      | Killed an ogre
  1003 | D:4      | Reached XP level 5. HP: 47/47 MP: 4/4
  1006 | D:4      | Reached skill level 7 in Axes
  1006 | D:4      | Reached XP level 6. HP: 43/53 MP: 5/5
  1013 | D:4      | Reached skill level 5 in Fighting
  1449 | D:3      | Noticed Grinder
  1481 | D:3      | Paralysed by Grinder for 4 turns
  1925 | D:2      | Noticed Natasha
  1930 | D:2      | Killed Natasha
  2088 | D:3      | Killed Grinder
  2088 | D:3      | Reached skill level 8 in Axes
  2088 | D:3      | Reached XP level 7. HP: 50/62 MP: 6/6
  2415 | D:3      | Reached skill level 9 in Axes
  3251 | D:4      | Reached XP level 8. HP: 71/71 MP: 7/7
  3255 | D:4      | Reached skill level 10 in Axes
  3599 | D:5      | Entered Level 5 of the Dungeon
  3668 | D:5      | Found a sacrificial altar of Ru.
  4167 | D:6      | Noticed Pikel
  4201 | D:6      | Killed Pikel
  4201 | D:6      | Reached skill level 11 in Axes
  4357 | D:6      | Reached XP level 9. HP: 69/82 MP: 8/8
  4453 | D:6      | Reached skill level 12 in Axes
  4493 | D:6      | Noticed Prince Ribbit
  4498 | D:6      | Killed Prince Ribbit
  5128 | D:7      | Reached skill level 13 in Axes
  5161 | D:7      | Found a staircase to the Ecumenical Temple.
  5202 | Temple   | Entered the Ecumenical Temple
  5303 | Temple   | Became a worshipper of Makhleb the Destroyer
  5418 | D:7      | Reached skill level 10 in Fighting
  5425 | D:7      | Found Kuaket's Magic Scroll Shoppe.
  5435 | D:7      | Noticed a gargoyle
  5436 | D:7      | Noticed a gargoyle
  5463 | D:7      | Noticed a gargoyle
  5784 | D:8      | Killed a gargoyle
  5784 | D:8      | Reached skill level 14 in Axes
  5784 | D:8      | Reached XP level 10. HP: 32/93 MP: 3/9
  6047 | D:8      | Found a staircase to the Lair.
  6079 | D:8      | Found a sand-covered staircase.
  6088 | Ossuary  | Entered an ossuary
  6273 | Ossuary  | Reached * piety under Makhleb
  6430 | Ossuary  | Reached ** piety under Makhleb
  6872 | D:8      | Found a blossoming altar of Fedhas.
  7074 | D:8      | Got a shimmering war axe
  7075 | D:8      | Identified the cursed +0 war axe of Wercheagh {drain, rN+
                  | MR+ Dex+7} (You found it on level 8 of the Dungeon)
  7260 | D:7      | Killed a gargoyle
  7317 | D:7      | Bought a scroll of enchant weapon for 90 gold pieces
  7373 | D:7      | Killed a gargoyle
  7448 | D:7      | Noticed a gargoyle
  7449 | D:7      | Noticed a gargoyle
  7454 | D:7      | Noticed a gargoyle
  7465 | D:7      | Killed from afar by a gargoyle

Illustrated notes

Levels and vault maps discovered:
D:1:      dpeg_arrival_round_b, layout_loops_cross
D:2:      layout_basic, minmay_pentomino_p4, uniq_natasha
D:3:      minmay_spotlight, layout_rooms, uniq_grinder
D:4:      layout_basic, first_ration, nicolae_underground_beach
D:5:      layout_loops_cross, hangedman_ru_absence
D:6:      layout_rooms, uniq_pikel, uniq_prince_ribbit1
D:7:      cheibrodos_statue_roulette, layout_rooms,
          minmay_temple_entry_overgrown, serial_shops, nicolae_shop_trees,
          st_stairs_9, grunt_ogre_cave
D:8:      minmay_evil_eye, layout_basic, fedhas_bush_and_centaur_altar,
          lair_entry_dummy, nicolae_ossuary_entry_ruins
Temple:   kilobyte_greek_temple

Skill      XL: |  1  2  3  4  5  6  7  8  9 10 |
---------------+-------------------------------+-----
Axes           | 4 5 6 7 8 9 11 14 | 14.9
Fighting       | 3 4 5 6 8 10 11 | 11.0
Throwing       | |  2.0
Dodging        | |  3.2

Action                   |  1- 3 |  4- 6 |  7- 9 | 10-12 || total
-------------------------+-------+-------+-------+-------++-------
Melee: War axe           |    67 |    95 |   251 |     9 ||   422
       Headbutt          |     9 |    22 |    54 |    36 ||   121
       Battleaxe         |       |       |    24 |   157 ||   181
Throw: Throwing net      |       |     3 |     5 |       ||     8
  Use: Scroll            |     2 |     3 |     8 |     3 ||    16
       Potion            |       |       |       |     3 ||     3
 Stab: Held in net/web   |       |       |     1 |       ||     1
  Eat: Chunk             |       |     4 |    11 |     6 ||    21
Armor: Ring mail         |    20 |     1 |       |       ||    21
       Leather armour    |     1 |       |       |       ||     1
       Chain mail        |       |    68 |    35 |       ||   103
       Plate armour      |       |       |    68 |    62 ||   130
Dodge: Dodged            |    44 |    47 |    96 |    55 ||   242
